 Dungeon Crawl Stone Soup version 0.23-a0-629-gae4348f (webtiles) character file.

502 galech the Chopper (level 6, -10/72 HPs)
             Began as a Demonspawn Fighter on Dec 26, 2018.
             Killed by divine providence
             ... invoked by an orc priest
              (14 damage)
             ... on level 4 of the Dungeon.
             The game lasted 00:05:53 (4517 turns).

galech the Chopper (Demonspawn Fighter)             Turns: 4517, Time: 00:05:54

Health: -10/72     AC: 23    Str: 16    XL:     6   Next: 95%
Magic:  6/6        EV:  2    Int: 14    God:
Gold:   277        SH: 10    Dex: 15    Spells: 5/5 levels left

rFire    . . .     SeeInvis .   r - -3 hand axe (curse)
rCold    . . .     Gourm    .   c - +1 shield
rNeg     + + +     Faith    .   (armour currently unavailable)
rPois    +         Spirit   .   (helmet currently unavailable)
rElec    .         Reflect  .   (cloak currently unavailable)
rCorr    .         Harm     .   (gloves currently unavailable)
MR       .....     NoTele   +   (boots currently unavailable)
Stlth    +.........             (no amulet)
HPRegen  0.22/turn              (no ring)
MPRegen  0.10/turn              (no ring)

@: brilliant, tree-form (expiring), hasted, very quick
A: no striking features
a: no special abilities


You were on level 4 of the Dungeon.
You were very hungry.
You were a tree.
You visited 2 branches of the dungeon, and saw 6 of its levels.

You collected 277 gold pieces.

Inventory:

Hand Weapons
 a - a +0 war axe
 r - a cursed -3 hand axe (weapon)
Armour
 c - a +1 shield (worn)
 g - a +0 large shield
 h - a +0 pair of gloves (melded)
 p - a +0 chain mail (melded)
Wands
 b - a wand of flame (15)
Scrolls
 i - 2 scrolls of blinking
 k - a scroll of identify
 l - 2 scrolls of teleportation
 n - a scroll of amnesia
 o - a scroll of fog
Potions
 m - 2 potions of lignification
Comestibles
 f - 6 rations


   Skills:
 + Level 4.1 Fighting
 + Level 4.5 Axes
 + Level 3.7 Armour
 + Level 1.3 Dodging
 + Level 4.1 Shields


You had 5 spell levels left.
You didn't know any spells.
Your spell library was empty.

Dungeon Overview and Level Annotations

Branches:
Dungeon (5/15)             Temple (1/1) D:4

Altars:
Ashenzari
Dithmenos
Elyvilon
Fedhas
Gozag
Hepliaklqana
Kikubaaqudgha
Makhleb
Nemelex Xobeh
Qazlal
Ru
Sif Muna
Trog
Uskayaw
Vehumet
Wu Jian
Xom
Yredelemnul
Zin
The Shining One


Innate Abilities, Weirdness & Mutations

((You have a pair of antennae on your head.))


Message History

Your transformation is almost over.
Something hits you but does no damage.
The orc priest hits you but does no damage. x2
It was a potion of haste.
You feel yourself speed up. Something hits you but does no damage.
The orc priest hits you but does no damage. x2
You hit the orc priest.
The orc priest is severely wounded.
You barely miss the orc priest. You hit something but do no damage.
Something hits you but does no damage.
The orc priest hits you but does no damage.
You block the orc priest's attack.
You hit the orc priest but do no damage.
The orc priest is severely wounded.
You closely miss something.
You hit the orc priest but do no damage.
Something hits you but does no damage.
The orc priest mumbles some strange prayers to Beogh against you.
Beogh smites you!
You die...

≈≈≈≈##.# #..##...# #......#
≈≈≈≈§#.# ##.##...# #......#
≈≈≈≈≈#.######..#...# ##.#####
§≈≈≈≈#......##.#.########'##
.....'......##...#.........#
.....'(.....###..#.........######
§≈≈≈≈#......# #..................
≈§§≈§#......###{o.......#########
≈§≈≈§#........'.♣.......#
§§§§##......###o.)......#
§≈§###......# #.........# §§##
######## ####......# ≈## #......#
## #......# #......#########
#......'........ #......#########


You could see 2 orc priests.

Vanquished Creatures
  Sigmund (D:2)
  2 hounds (D:4)
  Jessica (D:2)
  3 worker ants (D:4)
  4 gnolls (D:4)
  4 adders
  2 oozes (D:4)
  3 worms
  3 dart slugs
  2 leopard geckos (D:2)
  4 orcs
  10 bats
  3 bat skeletons (D:3)
  3 bat zombies (D:3)
  6 giant cockroaches
  8 goblins
  4 hobgoblins
  4 jackals (D:3)
  3 quokkas
  A ball python (D:1)
  6 frilled lizards
  5 kobolds
  A quokka skeleton (D:4)
  7 rats
90 creatures vanquished.

Notes
Turn   | Place    | Note
-------+----------+-------------------------------------------
     0 | D:1      | galech the Demonspawn Fighter began the quest for the Orb.
     0 | D:1      | Reached XP level 1. HP: 18/18 MP: 1/1
   149 | D:1      | Gained mutation: You have a pair of small antennae on your
                  | head. [demonic ancestry]
   149 | D:1      | Reached XP level 2. HP: 24/24 MP: 2/2
   499 | D:2      | Found a burning altar of Makhleb.
   499 | D:2      | Found a glowing silver altar of Zin.
   500 | D:2      | Found a stormy altar of Qazlal.
   500 | D:2      | Found a white marble altar of Elyvilon.
   509 | D:2      | Reached XP level 3. HP: 29/29 MP: 3/3
   515 | D:2      | Found a sacrificial altar of Ru.
   515 | D:2      | Found a shimmering altar of Xom.
   547 | D:2      | Noticed Sigmund
   562 | D:2      | Killed Sigmund
   562 | D:2      | Reached skill level 1 in Dodging
   562 | D:2      | Gained mutation: You have a pair of antennae on your head.
                  | [demonic ancestry]
   562 | D:2      | Reached XP level 4. HP: 12/36 MP: 4/4
   562 | D:2      | Reached XP level 5. HP: 14/41 MP: 5/5
   798 | D:2      | Noticed Jessica
   804 | D:2      | Killed Jessica
  1037 | D:2      | Reached XP level 6. HP: 38/48 MP: 6/6
  2477 | D:3      | Found an ancient bone altar of Kikubaaqudgha.
  4039 | D:4      | Found a staircase to the Ecumenical Temple.
  4085 | Temple   | Entered the Ecumenical Temple
  4477 | D:5      | Entered Level 5 of the Dungeon
  4512 | D:4      | HP: 3/72 [orc priest/divine providence (14)]
  4517 | D:4      | Killed from afar by an orc priest

Vault maps used:
D:1:      dpeg_arrival_lava_temple_mockup
D:2:      minmay_overflow_temple_hex, chequers_garden, minivault_23,
          uniq_jessica, uniq_sigmund
D:3:      kennysheep_vampire_church
D:4:      kennysheep_big_flooded_room, minmay_temple_entry_nine_rooms,
          first_ration
Temple:   oiseaux_autumnal_temple

Skill      XL: |  1  2  3  4  5  6 |
---------------+-------------------+-----
Axes           | 2 3 4 |  4.5
Armour         | 3 |  3.7
Shields        | 3 4 |  4.1
Dodging        | 1 |  1.3
Fighting       | 4 |  4.1

Action                   |  1- 3 |  4- 6 || total
-------------------------+-------+-------++-------
Melee: War axe           |    96 |    21 ||   117
       Hand axe          |       |   664 ||   664
  Use: Potion            |     1 |     5 ||     6
       Scroll            |       |     9 ||     9
  Eat: Chunk             |       |     9 ||     9
       Ration            |       |     1 ||     1
Armor: Scale mail        |    65 |       ||    65
       Chain mail        |    19 |   392 ||   411
       Skin              |       |    33 ||    33
Dodge: Dodged            |    38 |   156 ||   194
Block: Shield            |    66 |   380 ||   446

Table legend:
 A = Non-vault XP
 B = Vault XP
 C = Vault XP percentage of total XP
 D = Non-vault monster count
 E = Vault monster count
 F = Vault count percentage of total count
                 A         B        C        D         E       F
            +---------+---------+-------+---------+---------+-------
      Total |     402 |     316 |  44.0 |      80 |      10 |  11.1
            +---------+---------+-------+---------+---------+-------
        D:1 |      37 |       0 |   0.0 |      24 |       0 |   0.0
        D:2 |      83 |     268 |  76.4 |      21 |       2 |   8.7
        D:3 |      32 |      12 |  27.3 |      19 |       6 |  24.0
        D:4 |     247 |      36 |  12.7 |      15 |       2 |  11.8
        D:5 |       3 |       0 |   0.0 |       1 |       0 |   0.0
            +---------+---------+-------+---------+---------+-------
